 Dungeon Crawl Stone Soup version 0.30.0-13-g156ef70053 (webtiles) character file.

Game seed: 9687305104990362672

10818 Kranky the Fighter (level 11, 0/107 HPs)
             Began as a Minotaur Gladiator on May 17, 2023.
             Was a High Priest of Okawaru.
             Slain by a vampire (3 damage)
             ... on level 11 of the Dungeon.
             The game lasted 00:25:55 (13241 turns).

Kranky the Fighter (Minotaur Gladiator)            Turns: 13241, Time: 00:25:56

Health: 0/107      AC: 19    Str: 30    XL:     11   Next: 41%
Magic:  0/10       EV:  9    Int:  8    God:    Okawaru [*****.]
Gold:   569        SH:  6    Dex:  6    Spells: 10/10 levels left

rFire   . . .        K - +1 spear
rCold   . . .        O - +2 buckler {reflect}
rNeg    . . .        i - +0 plate armour "Ajeadu" {rPois Will+ Int+3 Dex-5}
rPois   +            c - +0 hat
rElec   .            (no cloak)
rCorr   .            (no gloves)
SInv    .            o - +2 pair of boots
Will    +....        T - amulet of guardian spirit Stlth
                     m - +6 ring of strength
HPRegen 0.37/turn    (no ring)
MPRegen 0.12/turn

%: reflection, guardian spirit
@: no status effects
A: horns 2, retaliatory headbutt
a: Renounce Religion, Heroism, Finesse, Duel


You were on level 11 of the Dungeon.
You worshipped Okawaru.
Okawaru was extremely pleased with you.
You visited 2 branches of the dungeon, and saw 13 of its levels.

You collected 772 gold pieces.
You spent 203 gold pieces at shops.

Inventory:

Hand Weapons
 a - a +0 trident
 K - a +1 spear (weapon)
Missiles
 d - 8 throwing nets (quivered)
 e - a javelin
 A - 15 poisoned darts
Armour
 c - a +0 hat (worn)
 i - the +0 plate armour "Ajeadu" (worn) {rPois Will+ Int+3 Dex-5}
   (You found it on level 9 of the Dungeon)

   Int:       It affects your intelligence (+3).
   Dex:       It affects your dexterity (-5).
   rPois:     It protects you from poison.
   Will:      It increases your willpower.
 o - a +2 pair of boots (worn)
 D - +0 acid dragon scales
 O - a +2 buckler of reflection (worn)
Jewellery
 m - a +6 ring of strength (left hand)
 T - an amulet of guardian spirit (around neck)
Wands
 u - a wand of roots (14)
 x - a wand of flame (15)
 L - a wand of polymorph (2)
 Q - a wand of paralysis (4)
Scrolls
 f - 6 scrolls of identify {unknown}
 g - 4 scrolls of amnesia {unknown}
 h - 4 scrolls of magic mapping {unknown}
 q - 3 scrolls of noise {unknown}
 r - 4 scrolls of enchant weapon {unknown}
 s - 2 scrolls of fear {unknown}
 t - 3 scrolls of poison {unknown}
 v - 2 scrolls of fog {unknown}
 w - 3 scrolls of vulnerability {unknown}
 y - 4 scrolls of teleportation {unknown}
 B - a scroll of brand weapon {unknown}
 C - a scroll of butterflies {unknown}
 G - a scroll of enchant armour {unknown}
 J - a scroll of torment {unknown}
 U - a scroll of blinking {unknown}
Potions
 j - 4 potions of brilliance {unknown}
 l - a potion of degeneration {unknown}
 n - a potion of lignification {unknown}
 p - 2 potions of haste {unknown}
 z - 5 potions of curing
 E - 3 potions of flight {unknown}
 F - a potion of ambrosia {unknown}
 I - 4 potions of attraction {unknown}
 M - a potion of berserk rage {unknown}
 S - a potion of magic {unknown}
Miscellaneous
 P - a lightning rod (4/4)


   Skills:
 + Level 13.0 Fighting
 + Level 7.6 Polearms
 - Level 5.2 Throwing
 + Level 12.7 Armour
 - Level 6.0 Dodging
 + Level 5.4 Shields


You had 10 spell levels left.
You didn't know any spells.
Your spell library contained the following spells:

 Spells                   Type           Power      Damage    Failure   Level
 Apportation              Tloc           0%         N/A       97%         1
 Necrotise                Necr           0%         1d4       97%         1
 Sting                    Tmut/Pois      0%         1d3       97%         1
 Poisonous Vapours        Pois/Air       0%         N/A       99%         2
 Ozocubu's Armour         Ice            0%         N/A       100%        3
 Vampiric Draining        Necr           0%         2d6       100%        3
 Olgreb's Toxic Radiance  Pois           0%         N/A       100%        4
 Agony                    Necr           0%         N/A       100%        5
 Metabolic Englaciation   Hex/Ice        0%         N/A       100%        5
 Conjure Ball Lightning   Conj/Air       0%         3x3d6     100%        6
 Discord                  Hex            0%         N/A       100%        8
 Disjunction              Tloc           0%         N/A       100%        8
 Summon Small Mammal      Summ           Unusable   N/A       N/A         1
 Simulacrum               Ice/Necr       Unusable   N/A       N/A         6

Dungeon Overview and Level Annotations

Branches:
Dungeon (12/15)            Temple (1/1) D:7            Lair (0/5) D:10
    Orc: D:9-12

Altars:
Ashenzari
Cheibriados
Dithmenos
Elyvilon
Fedhas
Gozag
Hepliaklqana
Kikubaaqudgha
Makhleb
Nemelex Xobeh
Okawaru
Qazlal
Ru
Sif Muna
Trog
Uskayaw
Vehumet
Wu Jian
Xom
Yredelemnul
Zin
The Shining One

Shops:
D:5 [   D:9 [

Annotations:
D:2 Sigmund
D:12 1 runed translucent door


Innate Abilities, Weirdness & Mutations

You have a pair of horns on your head.
You reflexively headbutt those who attack you in melee.


Message History

The vampire flickers and vanishes!
Deactivating autopickup; reactivate with Ctrl-A.
Something hits you but does no damage. Something bites you.
Something draws strength from your injuries!
You puncture something! Your headbutt misses something.
You hear some strange, mumbled words.
Something tries to affect you, but you resist.
You completely miss something. Something hits you but does no damage.
Something bites you but does no damage.
You hit something but do no damage. You hit something.
You hear some strange, mumbled words.
Something tries to affect you, but you resist.
You closely miss something. Something hits you!
* * * LOW HITPOINT WARNING * * *
Something bites you but does no damage.
You hit something but do no damage. Something draws life force from you!
* * * LOW HITPOINT WARNING * * *
You feel much better. Something hits you.
* * * LOW HITPOINT WARNING * * *
Something bites you but does no damage.
You miss something. You hit something but do no damage.
Something hits you but does no damage. You block something's attack.
You closely miss something. You headbutt something.
Something draws life force from you!!
* * * LOW HITPOINT WARNING * * *
You hit something but do no damage. You headbutt something.
Something hits you but does no damage. Something bites you but does no damage.
You hit something. You headbutt something. You hit something.
Something hits you.
* * * LOW HITPOINT WARNING * * *
Something bites you but does no damage.
Okay, then.
You closely miss something. Your headbutt misses something. Something hits you.
* * * LOW HITPOINT WARNING * * *
Something bites you but does no damage.
You hit something but do no damage. Your headbutt misses something.
Something hits you but does no damage. Something bites you.
You die...

.................#
#................#
#................######
#.....................#
.................!....#
#.................#####
#..............<##
##............{######
####.#.........@....#
#.......########..###
##.......#........##
........#..########
.#........##
##.......## ..........#
.########.### ##
#...###


There were no monsters in sight!

Vanquished Creatures
  Harold (D:10)
  A two-headed ogre (D:11)
  Maggie (D:6)
  A gargoyle (D:12)
  A komodo dragon (D:10)
  A kobold demonologist (D:12)
  2 trolls
  Prince Ribbit (D:5)
  4 slime creatures (D:12)
  A wyvern (D:10)
  21 yaks
  A basilisk (D:10)
  3 vampire mosquitoes (D:12)
  2 acid dragons
  2 water moccasins
  An orc warrior (D:9)
  3 black bears
  5 sky beasts
  An ogre (D:6)
  2 phantoms (D:4)
  A kobold brigand (D:9)
  3 bullfrogs
  A scorpion (D:4)
  5 wights (D:8)
  6 killer bees
  3 howler monkeys (D:12)
  2 electric eels (D:7)
  2 jellies
  5 hounds
  5 orc priests
  2 gnoll boudas (D:9)
  A sleepcap (D:5)
  3 iguanas
  8 orc wizards
  A statue (D:6)
  16 gnolls
  8 adders
  2 shadow imps (D:5)
  2 worms
  2 dart slugs
  23 orcs
  6 endoplasms
  5 giant cockroaches
  11 goblins
  8 hobgoblins
  3 jackals (D:2)
  5 quokkas
  9 ball pythons
  6 bats
  4 frilled lizards
  14 kobolds
  5 rats
232 creatures vanquished.

Vanquished Creatures (others)
  An orc (D:7)
1 creature vanquished.

Grand Total: 233 creatures vanquished

Notes
Turn   | Place    | Note
-------+----------+-------------------------------------------
     0 | D:1      | Kranky the Minotaur Gladiator began the quest for the Orb.
     0 | D:1      | Reached XP level 1. HP: 18/18 MP: 0/0
   136 | D:1      | Reached XP level 2. HP: 24/25 MP: 1/1
   241 | D:1      | Reached skill level 1 in Armour
   656 | D:2      | Reached XP level 3. HP: 28/30 MP: 2/2
   700 | D:2      | Reached skill level 3 in Fighting
   833 | D:2      | Noticed Sigmund
  1351 | D:3      | Reached XP level 4. HP: 38/38 MP: 3/3
  1989 | D:4      | Noticed a phantom
  2006 | D:4      | Killed a phantom
  2007 | D:4      | Reached XP level 5. HP: 36/45 MP: 4/4
  2095 | D:4      | Found a blossoming altar of Fedhas.
  2374 | D:4      | Reached skill level 4 in Fighting
  2374 | D:4      | Reached XP level 6. HP: 52/52 MP: 5/5
  3077 | D:5      | Entered Level 5 of the Dungeon
  3088 | D:5      | Found Ceneely's Armour Shoppe.
  3130 | D:5      | Noticed Prince Ribbit
  3165 | D:5      | HP: 2/53 [black bear (3)]
  3173 | D:5      | Reached skill level 5 in Dodging
  3173 | D:5      | Reached XP level 7. HP: 28/60 MP: 6/6
  3332 | D:5      | Killed Prince Ribbit
  3333 | D:5      | Reached skill level 5 in Fighting
  3645 | D:5      | Reached skill level 5 in Armour
  3651 | D:5      | Reached XP level 8. HP: 44/70 MP: 7/7
  4017 | D:6      | Reached skill level 6 in Fighting
  4017 | D:6      | Reached skill level 5 in Throwing
  4124 | D:6      | Found a radiant altar of Vehumet.
  4421 | D:6      | Reached skill level 7 in Fighting
  4485 | D:6      | Noticed Maggie
  4491 | D:6      | Killed Maggie
  4736 | D:6      | Reached skill level 8 in Fighting
  4877 | D:7      | Reached XP level 9. HP: 81/81 MP: 8/8
  4916 | D:7      | Found a staircase to the Ecumenical Temple.
  4922 | Temple   | Entered the Ecumenical Temple
  5130 | Temple   | Became a worshipper of Warmaster Okawaru
  5274 | D:7      | Found a shadowy altar of Dithmenos.
  5694 | D:7      | Found a bloodstained altar of Trog.
  6595 | D:7      | Found a glowing golden altar of the Shining One.
  6751 | D:8      | Found a stormy altar of Qazlal.
  6788 | D:8      | Reached skill level 9 in Fighting
  6904 | D:8      | Reached * piety under Okawaru
  6905 | D:8      | Reached skill level 10 in Fighting
  7087 | D:8      | Reached skill level 10 in Armour
  7702 | D:9      | Reached ** piety under Okawaru
  7703 | D:9      | Reached XP level 10. HP: 80/94 MP: 9/9
  7930 | D:9      | Found Ulada's Armour Shoppe.
  7958 | D:8      | HP: 3/94 [poisoned by an orc wizard]
  8203 | D:9      | Reached skill level 11 in Fighting
  8523 | D:9      | Found a hazy altar of Hepliaklqana.
  9325 | D:9      | Reached *** piety under Okawaru
  9326 | D:9      | Reached skill level 5 in Polearms
  9402 | D:9      | Identified the +0 plate armour "Ajeadu" {rPois Will+ Int+3
                  | Dex-5}
  9764 | D:9      | Bought a +2 buckler of reflection for 203 gold pieces
  9874 | D:10     | Entered Level 10 of the Dungeon
  9917 | D:10     | Found a staircase to the Lair.
  9947 | D:10     | Reached skill level 1 in Shields
  9968 | D:10     | Reached skill level 12 in Fighting
 10136 | D:10     | Received a gift from Okawaru
 10458 | D:10     | You fall into a shaft and drop 2 floors!
 10585 | D:12     | Noticed a sun demon
 10658 | D:12     | Reached **** piety under Okawaru
 10923 | D:12     | Reached XP level 11. HP: 41/105 MP: 10/10
 11135 | D:12     | Noticed an ice dragon
 11135 | D:12     | Noticed a deep elf pyromancer
 11135 | D:12     | Noticed an orc knight
 11135 | D:12     | Noticed a centaur warrior
 11137 | D:12     | Found a runed translucent door.
 11138 | D:12     | Noticed a death knight
 11138 | D:12     | Noticed a centaur warrior
 11428 | D:12     | Noticed a skeletal warrior
 11445 | D:12     | Noticed a skeletal warrior
 11445 | D:12     | Noticed a skeletal warrior
 11470 | D:12     | Noticed a skeletal warrior
 12081 | D:10     | Found a broken altar of Ashenzari.
 12155 | D:10     | Noticed Harold
 12182 | D:10     | Killed Harold
 12182 | D:10     | Reached ***** piety under Okawaru
 12183 | D:10     | Reached skill level 5 in Shields
 13031 | D:11     | Noticed a two-headed ogre
 13045 | D:11     | Killed a two-headed ogre
 13045 | D:11     | Received a gift from Okawaru
 13046 | D:11     | Reached skill level 13 in Fighting
 13077 | D:11     | Identified the +0 robe of Mysticism {+Blink rF- Int+3}
 13240 | D:11     | HP: 3/107 [something (5)]
 13241 | D:11     | Slain by a vampire

Illustrated notes

Levels and vault maps discovered:
D:1:      lightli_molten_gateway, layout_loops_ring
D:2:      layout_basic, shapermc_ecumenical_altar_mp_vishouse,
          minmay_misc_feat_tiny, minmay_misc_feat_x, uniq_sigmund
D:3:      layout_loops_cross, st_stairs_13, amethyst_killhole
D:4:      kennysheep_the_goblin_king, layout_cave_pods, general_overflow_altar
D:5:      layout_basic, serial_shops, shop, sigmund_army, uniq_prince_ribbit1
D:6:      layout_rooms, vehumet_statue, uniq_maggie
D:7:      layout_rooms, nicolae_dithmenos_shadow_blocks,
          nicolae_overflow_squiral, minmay_temple_entry_nine_rooms
D:8:      layout_basic, nicolae_qazlal_style_of_elements, chequers_garden
D:9:      layout_cave_pods, worldfamousw_hep_ancestral_shrine, serial_shops,
          nicolae_shop_tiny_real_fake_doors, minivault_21,
          minmay_gold_behind_fungi, minmay_stone_trees_medium
D:10:     layout_grid_maze, lemuel_doored_altar, david_lair_generic, uniq_harold
D:11:     layout_rooms, minmay_orc_entry_guard_dogs, serial_shops,
          nicolae_shop_tiny_waterfront
D:12:     layout_layer_cave, minmay_st_funbox
Temple:   eino_temple_water

Skill      XL: |  1  2  3  4  5  6  7  8  9 10 11 |
---------------+----------------------------------+-----
Armour         | 1 2 3 5 7 10 12 | 12.7
Polearms       | 4 6 7 |  7.6
Fighting       | 3 4 5 8 10 12 13 | 13.0
Throwing       | 3 4 5 |  5.2
Dodging        | 4 5 6 |  6.0
Shields        | 3 5 |  5.4

Action                     |  1- 3 |  4- 6 |  7- 9 | 10-12 || total
---------------------------+-------+-------+-------+-------++-------
  Melee: Trident           |   116 |   132 |   290 |       ||   538
         Headbutt          |    13 |    20 |    53 |   110 ||   196
         Punch             |     1 |     1 |     4 |     2 ||     8
         Spear             |       |       |    32 |   511 ||   543
  Throw: Throwing net      |     1 |       |       |       ||     1
  Evoke: Wand              |       |       |       |     2 ||     2
    Use: Potion            |       |     1 |       |     4 ||     5
 Armour: Leather armour    |    15 |       |       |       ||    15
         Ring mail         |     1 |    74 |    27 |       ||   102
         Acid dragon scale |       |       |     4 |       ||     4
         Plate armour      |       |       |    75 |   333 ||   408
  Dodge: Dodged            |    45 |    73 |   131 |   194 ||   443
  Block: Buckler           |       |       |       |    93 ||    93
         Reflection        |       |       |       |     1 ||     1
